 Dungeon Crawl Stone Soup version 0.13.0-11-g0187522 (webtiles) character file.

294 Antunes the Practitioner (level 5, -1/31 HPs)
             Began as a Kobold Healer on Oct 18, 2013.
             Was a Believer of Elyvilon.
             Slain by Grinder (3 damage)
             ... on Level 3 of the Dungeon.
             The game lasted 00:39:57 (3358 turns).

Antunes the Practitioner (Kobold Healer)            Turns: 3358, Time: 00:39:57

HP  -1/31        AC 14     Str 12      XL: 5   Next: 16%
MP   7/9         EV  7     Int 11      God: Elyvilon [**....]
Gold 182         SH  0     Dex 17      Spells:  0 memorised,  4 levels left

Res.Fire  : . . .   See Invis. : .   C - +3,+1 dagger (protect)
Res.Cold  : . . .   Warding    : .   i - +0 chain mail
Life Prot.: . . .   Conserve   : .   (no shield)
Res.Poison: .       Res.Corr.  : .   r - +0 helmet
Res.Elec. : .       Clarity    : .   (no cloak)
Sust.Abil.: . .     Spirit.Shd : .   (no gloves)
Res.Mut.  : .       Stasis     : .   (no boots)
Res.Rott. : .       Flight     : .   (no amulet)
Saprovore : + + .                    (no ring)
                                     o - +1 ring of strength

@: invisible, very slightly contaminated, slightly resistant to hostile
enchantments, extremely unstealthy
A: disease resistance, carnivore 3, saprovore 2, Dex +2
a: Lesser Healing, Lesser Self-Healing, Divine Protection, Purification,
Renounce Religion


You were on level 3 of the Dungeon.
You worshipped Elyvilon.
Elyvilon was pleased with you.
You were very full.

You visited 1 branch of the dungeon, and saw 3 of its levels.

You collected 82 gold pieces.

Inventory:

Hand weapons
 e - a +1,+0 mace
 l - a +0,+0 sling
 q - a +2,+2 elven spear of piercing
 w - a +1,+0 elven dagger
 C - a +3,+1 dagger of protection (weapon)
Missiles
 b - 2 steel darts
 f - 5 stones (quivered)
 g - 16 poisoned needles
 j - 22 darts
 s - 22 bolts
 x - 20 arrows
Armour
 a - a +1 robe
 i - a +0 chain mail (worn)
 r - a +0 helmet (worn)
 z - a +0 robe
 B - a +0 robe
Comestibles
 d - 4 meat rations
 h - a slice of pizza
Scrolls
 m - a scroll of magic mapping
 t - a scroll of remove curse
 v - a scroll of enchant weapon II {unknown}
 y - 2 scrolls of identify
Jewellery
 k - an uncursed amulet of stasis
 o - a +1 ring of strength (left hand)
Potions
 n - a potion of magic {unknown}
 A - a potion of confusion {unknown}


   Skills:
 * Level 2.6 Fighting
 * Level 0.6 Short Blades
 + Level 0.4 Maces & Flails
 + Level 0.7 Armour
 + Level 3.7 Dodging
 * Level 2.4 Stealth
 + Level 4.7 Invocations


You had 4 spell levels left.
You didn't know any spells.

Dungeon Overview and Level Annotations

Branches:
Dungeon (3/27)

Altars:
Ashenzari
Trog

Annotations:
D:2 Crazy Yiuf
D:3 Grinder, Jessica


Innate Abilities, Weirdness & Mutations

You recuperate from illness quickly.
You are small and have problems with some larger weapons.
You are carnivorous and can eat meat at any time.
You can eat rotten meat.
You have a somewhat thin skeletal structure (Dex +2, Stlth).


Message History

Your chain mail prevents you from hitting Grinder.
Grinder gestures at you. You resist.
You hit Grinder.
Grinder is lightly wounded.
Grinder hits you!
You writhe in agony.
You hit Grinder.
Grinder is lightly wounded.
Grinder hits you but does no damage.
Level annotation: Grinder, Jessica Welcome back, Antunes the Kobold Healer.
Elyvilon says: Go forth and aid the weak!
Drink which item? (? for menu, Esc to quit)
You fade into invisibility!
It was a potion of invisibility.
Grinder hits you but does no damage.
You are very lightly contaminated with residual magic.
You miss Grinder.
Grinder is lightly wounded.
Grinder barely misses you.
You hit Grinder.
Grinder is lightly wounded.
Grinder hits you but does no damage.
You hit Grinder.
Grinder is lightly wounded.
Grinder completely misses you.
You hit Grinder but do no damage.
Grinder is lightly wounded.
Grinder hits you.
You hit Grinder but do no damage.
Grinder is lightly wounded.
Grinder hits you.
* * * LOW HITPOINT WARNING * * *
You writhe in agony.
* * * LOW HITPOINT WARNING * * *
You closely miss Grinder.
Grinder is lightly wounded.
Grinder hits you.
* * * LOW HITPOINT WARNING * * *
You writhe in agony.
You die...

####### #....[#
#.....# ##########
#.>...# #........#
#...@.# #........#
#...5.####........#
#.....#...........#
#.....#.##........#
+.....'.######.####
#.....### ##.#
##..### ##..#
##.### #..## #....#
#.##


You could see Grinder.

Vanquished Creatures
  2 gnolls
  2 worms (D:2)
  2 giant geckos (D:2)
  4 orcs
  4 bats
  A giant cockroach (D:3)
  A goblin (D:2)
  5 hobgoblins
  A jackal (D:3)
  A kobold (D:2)
  3 giant newts
  3 rats
29 creatures vanquished.

Vanquished Creatures (others)
  An orc (D:3)
  A hobgoblin (D:1)
  A bat (D:1)
  4 goblins
  2 kobolds (D:2)
9 creatures vanquished.

Grand Total: 38 creatures vanquished

Notes
Turn   | Place    | Note
--------------------------------------------------------------
     0 | D:1      | Antunes, the Kobold Healer, began the quest for the Orb.
     0 | D:1      | Reached XP level 1. HP: 12/12 MP: 2/2
   578 | D:1      | Reached XP level 2. HP: 17/17 MP: 4/4
   903 | D:1      | Reached skill level 1 in Stealth
  1190 | D:1      | Found a shattered altar of Ashenzari.
  1442 | D:2      | Reached XP level 3. HP: 17/21 MP: 6/6
  1593 | D:2      | Reached skill level 2 in Stealth
  1664 | D:2      | Reached skill level 3 in Dodging
  1946 | D:2      | Reached XP level 4. HP: 6/27 MP: 4/8
  1954 | D:2      | HP: 2/27 [gnoll (5)]
  2524 | D:3      | Found a bloodstained altar of Trog.
  2559 | D:3      | Noticed Grinder
  2582 | D:3      | Paralysed by Grinder for 6 turns
  2610 | D:3      | Gained mutation: You have a somewhat thin skeletal structure (Dex +2, Stlth). [potion of beneficial mutation]
  2620 | D:3      | Paralysed by Grinder for 2 turns
  2857 | D:2      | Reached XP level 5. HP: 31/31 MP: 9/9
  2940 | D:2      | Noticed Crazy Yiuf
  3009 | D:3      | Paralysed by Grinder for 4 turns
  3035 | D:3      | Noticed Jessica
  3040 | D:2      | Acquired Elyvilon's third power
  3358 | D:3      | HP: 2/31 [Grinder (5)]
  3358 | D:3      | Slain by Grinder

Action                   |  1- 3 |  4- 6 || total
-------------------------+-------+-------++-------
Melee: Unarmed           |    17 |       ||    17
       Mace              |    50 |    28 ||    78
       Spear             |    21 |     9 ||    30
       Dagger            |       |    38 ||    38
Invok: Lesser Healing    |    33 |    30 ||    63
       Lesser Self-Heali |       |     1 ||     1
       Greater Healing   |       |     2 ||     2
  Use: Scroll            |     8 |     2 ||    10
       Potion            |       |     6 ||     6

Table legend:
 A = Turns spent in this place as a percentage of turns spent in the entire game.
 B = Non-inter-level travel turns spent in this place as a percentage of non-inter-level travel turns spent in the entire game.
 C = Inter-level travel turns spent in this place as a percentage of turns spent in this place.
 D = Turns resting spent in this place as a percentage of non-inter-level travel turns spent in this place.
 E = Turns spent auto-exploring this place as a percentage of non-inter-level travel turns spent in this place.
 F = Non-inter-level travel turns spent in this place divided by the number of levels of this place that you've seen.
                   A       B       C       D       E      F
               +-------+-------+-------+-------+-------+----------------------
         Total | 100.0 | 100.0 |   0.0 |   2.1 |   0.7 | 598.7
       Dungeon | 100.0 | 100.0 |   0.0 |   2.1 |   0.7 | 598.7
               +-------+-------+-------+-------+-------+----------------------

Table legend:
 A = Kills in this place as a percentage of kills in entire the game.
 B = Kills by you in this place as a percentage of kills by you in the entire game.
 C = Kills by friends in this place as a percentage of kills by friends in the entire game.
 D = Other kills in this place as a percentage of other kills in the entire game.
 E = Experience gained in this place as a percentage of experience gained in the entire game.
 F = Experience gained in this place divided by the number of levels of this place that you have seen.
                   A       B       C       D       E      F
               +-------+-------+-------+-------+-------+----------------------
         Total | 100.0 | 100.0 |  -nan |  -nan | 100.0 |  32.0
       Dungeon | 100.0 | 100.0 |  -nan |  -nan | 100.0 |  32.0
               +-------+-------+-------+-------+-------+----------------------

Vault maps used:
D:1:      dpeg_entry_lava_altar
D:2:      uniq_crazy_yiuf_cottage
D:3:      first_bread, bloody_trog, uniq_sigmund, uniq_terence, uniq_grinder,
          uniq_jessica

Action                   |  1- 3 |  4- 6 || total
-------------------------+-------+-------++-------
Melee: Unarmed           |    17 |       ||    17
       Mace              |    50 |    28 ||    78
       Spear             |    21 |     9 ||    30
       Dagger            |       |    38 ||    38
Invok: Lesser Healing    |    33 |    30 ||    63
       Lesser Self-Heali |       |     1 ||     1
       Greater Healing   |       |     2 ||     2
  Use: Scroll            |     8 |     2 ||    10
       Potion            |       |     6 ||     6
Dungeon Crawl Stone Soup version 0.13.0-11-g0187522 (webtiles) character file. 294 Antunes the Practitioner (level 5, -1/31 HPs) Began as a Kobold Healer on Oct 18, 2013. Was a Believer of Elyvilon. Slain by Grinder (3 damage) ... on Level 3 of the Dungeon. The game lasted 00:39:57 (3358 turns). Antunes the Practitioner (Kobold Healer) Turns: 3358, Time: 00:39:57 HP -1/31 AC 14 Str 12 XL: 5 Next: 16% MP 7/9 EV 7 Int 11 God: Elyvilon [**....] Gold 182 SH 0 Dex 17 Spells: 0 memorised, 4 levels left Res.Fire : . . . See Invis. : . C - +3,+1 dagger (protect) Res.Cold : . . . Warding : . i - +0 chain mail Life Prot.: . . . Conserve : . (no shield) Res.Poison: . Res.Corr. : . r - +0 helmet Res.Elec. : . Clarity : . (no cloak) Sust.Abil.: . . Spirit.Shd : . (no gloves) Res.Mut. : . Stasis : . (no boots) Res.Rott. : . Flight : . (no amulet) Saprovore : + + . (no ring) o - +1 ring of strength @: invisible, very slightly contaminated, slightly resistant to hostile enchantments, extremely unstealthy A: disease resistance, carnivore 3, saprovore 2, Dex +2 a: Lesser Healing, Lesser Self-Healing, Divine Protection, Purification, Renounce Religion You were on level 3 of the Dungeon. You worshipped Elyvilon. Elyvilon was pleased with you. You were very full. You visited 1 branch of the dungeon, and saw 3 of its levels. You collected 82 gold pieces. Dungeon Overview and Level Annotations Branches: Dungeon (3/27) Altars: Ashenzari Trog Annotations: D:2 Crazy Yiuf D:3 Grinder, Jessica Innate Abilities, Weirdness & Mutations You recuperate from illness quickly. You are small and have problems with some larger weapons. You are carnivorous and can eat meat at any time. You can eat rotten meat. You have a somewhat thin skeletal structure (Dex +2, Stlth). Skills: * Level 2.6 Fighting * Level 0.6 Short Blades + Level 0.4 Maces & Flails + Level 0.7 Armour + Level 3.7 Dodging * Level 2.4 Stealth + Level 4.7 Invocations You had 4 spell levels left. You didn't know any spells. Inventory: Hand weapons e - a +1,+0 mace l - a +0,+0 sling q - a +2,+2 elven spear of piercing w - a +1,+0 elven dagger C - a +3,+1 dagger of protection (weapon) Missiles b - 2 steel darts f - 5 stones (quivered) g - 16 poisoned needles j - 22 darts s - 22 bolts x - 20 arrows Armour a - a +1 robe i - a +0 chain mail (worn) r - a +0 helmet (worn) z - a +0 robe B - a +0 robe Comestibles d - 4 meat rations h - a slice of pizza Scrolls m - a scroll of magic mapping t - a scroll of remove curse v - a scroll of enchant weapon II {unknown} y - 2 scrolls of identify Jewellery k - an uncursed amulet of stasis o - a +1 ring of strength (left hand) Potions n - a potion of magic {unknown} A - a potion of confusion {unknown} Message History Your chain mail prevents you from hitting Grinder. Grinder gestures at you. You resist. You hit Grinder. Grinder is lightly wounded. Grinder hits you! You writhe in agony. You hit Grinder. Grinder is lightly wounded. Grinder hits you but does no damage. Level annotation: Grinder, Jessica Welcome back, Antunes the Kobold Healer. Elyvilon says: Go forth and aid the weak! Drink which item? (? for menu, Esc to quit) You fade into invisibility! It was a potion of invisibility. Grinder hits you but does no damage. You are very lightly contaminated with residual magic. You miss Grinder. Grinder is lightly wounded. Grinder barely misses you. You hit Grinder. Grinder is lightly wounded. Grinder hits you but does no damage. You hit Grinder. Grinder is lightly wounded. Grinder completely misses you. You hit Grinder but do no damage. Grinder is lightly wounded. Grinder hits you. You hit Grinder but do no damage. Grinder is lightly wounded. Grinder hits you. * * * LOW HITPOINT WARNING * * * You writhe in agony. * * * LOW HITPOINT WARNING * * * You closely miss Grinder. Grinder is lightly wounded. Grinder hits you. * * * LOW HITPOINT WARNING * * * You writhe in agony. You die... ####### #....[# #.....# ########## #.>...# #........# #...@.# #........# #...5.####........# #.....#...........# #.....#.##........# +.....'.######.#### #.....### ##.# ##..### ##..# ##.### #..## #....# #.## You could see Grinder.

Vanquished Creatures
  2 gnolls
  2 worms (D:2)
  2 giant geckos (D:2)
  4 orcs
  4 bats
  A giant cockroach (D:3)
  A goblin (D:2)
  5 hobgoblins
  A jackal (D:3)
  A kobold (D:2)
  3 giant newts
  3 rats
29 creatures vanquished.

Vanquished Creatures (others)
  An orc (D:3)
  A hobgoblin (D:1)
  A bat (D:1)
  4 goblins
  2 kobolds (D:2)
9 creatures vanquished. Grand Total:
38 creatures vanquished Notes Turn | Place | Note -------------------------------------------------------------- 0 | D:1 | Antunes, the Kobold Healer, began the quest for the Orb. 0 | D:1 | Reached XP level 1. HP: 12/12 MP: 2/2 578 | D:1 | Reached XP level 2. HP: 17/17 MP: 4/4 903 | D:1 | Reached skill level 1 in Stealth 1190 | D:1 | Found a shattered altar of Ashenzari. 1442 | D:2 | Reached XP level 3. HP: 17/21 MP: 6/6 1593 | D:2 | Reached skill level 2 in Stealth 1664 | D:2 | Reached skill level 3 in Dodging 1946 | D:2 | Reached XP level 4. HP: 6/27 MP: 4/8 1954 | D:2 | HP: 2/27 [gnoll (5)] 2524 | D:3 | Found a bloodstained altar of Trog. 2559 | D:3 | Noticed Grinder 2582 | D:3 | Paralysed by Grinder for 6 turns 2610 | D:3 | Gained mutation: You have a somewhat thin skeletal structure (Dex +2, Stlth). [potion of beneficial mutation] 2620 | D:3 | Paralysed by Grinder for 2 turns 2857 | D:2 | Reached XP level 5. HP: 31/31 MP: 9/9 2940 | D:2 | Noticed Crazy Yiuf 3009 | D:3 | Paralysed by Grinder for 4 turns 3035 | D:3 | Noticed Jessica 3040 | D:2 | Acquired Elyvilon's third power 3358 | D:3 | HP: 2/31 [Grinder (5)] 3358 | D:3 | Slain by Grinder
